 Dungeon Crawl Stone Soup version 0.31-a0-879-g1609e0ac53 (webtiles) character file.

Game seed: 8891161838137869599

50 Kurtz the Sneak (level 3, 0/34 HPs)
             Began as a Naga Delver on Oct 14, 2023.
             Slain by Natasha (3 damage)
             ... on level 2 of the Dungeon.
             The game lasted 00:03:07 (1439 turns).

Kurtz the Sneak (Naga Delver)                       Turns: 1439, Time: 00:03:08

Health: 0/34       AC:  4    Str: 14    XL:     3   Next: 79%
Magic:  3/3        EV:  8    Int: 10    God:
Gold:   97         SH:  0    Dex: 14    Spells: 2/2 levels left

rFire   . . .        a - +0 hand axe
rCold   . . .        (no shield)
rNeg    . . .        i - +0 ring mail
rPois   +            (no helmet)
rElec   .            (no cloak)
rCorr   .            h - +0 pair of gloves
SInv    +            (no barding)
Will    .....        (no amulet)
Stlth   +++          (no ring)
HPRegen 0.25/turn    (no ring)
MPRegen 0.08/turn

%: no passive effects
@: short of breath, very slow
A: AC +1, large, see invisible, deformed body, poison resistance, slowness 2,
spit poison 1, naga tail 1
a: Spit Poison


You were on level 2 of the Dungeon.
You visited 1 branch of the dungeon, and saw 5 of its levels.

You collected 97 gold pieces.

Inventory:

Hand Weapons
 a - a +0 hand axe (weapon)
Armour
 b - a +0 leather armour
 h - a +0 pair of gloves (worn)
 i - a +0 ring mail (worn)
 k - a +0 chain mail
Wands
 g - a wand of digging (3)
Scrolls
 c - a scroll of fog
 d - a scroll of revelation
 e - a scroll of fear
 j - 5 scrolls of identify {unknown}
 l - 2 scrolls of blinking {unknown}
 m - a scroll of teleportation {unknown}
 n - a scroll of amnesia {unknown}
 o - a scroll of vulnerability {unknown}
 s - a scroll of enchant weapon {unknown}
Potions
 f - a potion of haste
 p - 2 potions of degeneration {unknown}
 q - a potion of curing {unknown}
 r - 2 potions of ambrosia {unknown}


   Skills:
 + Level 3.6 Fighting
 * Level 3.4 Axes
 - Level 1.5 Dodging
 - Level 7.2 Stealth


You had 2 spell levels left.
You didn't know any spells.
Your spell library was empty.

Dungeon Overview and Level Annotations

Branches:
Dungeon (5/15)
 Temple: D:4-7

Altars:
Gozag

Shops:
D:1 :   D:3 ?

Annotations:
D:2 Natasha
D:3 3 runed translucent doors, Grinder; laschroeter's ghost, amateur MiFi


Innate Abilities, Weirdness & Mutations

Your serpentine skin is tough. (AC +1)
You have supernaturally acute eyesight. (SInv)
Armour fits poorly on your strangely shaped body.
Your system is resistant to poisons. (rPois)
You cover ground very slowly.
You can spit poison.
You have a snake-like lower body.


Message History

You hit Natasha.
Natasha is lightly wounded.
Natasha claws you.
You barely miss Natasha.
Natasha is lightly wounded.
Natasha barely misses you.
Natasha is nearby!
You closely miss Natasha.
Natasha is lightly wounded.
Natasha closely misses you.
You barely miss Natasha.
Natasha is lightly wounded.
Natasha howls an incantation.
You feel troubled. Natasha claws you.
You barely miss Natasha.
Natasha is lightly wounded.
Natasha mumbles some strange words.
Natasha's front paws start to glow.
Natasha claws you!
You hit Natasha but do no damage.
Natasha is lightly wounded.
Natasha claws you. Natasha claws you but does no damage.
Aiming: Spit Poison (2% risk of failure)
Press: ? - help, Shift-Dir - straight line, f - Natasha
Aim: Natasha (lightly wounded, 50% to hit)
The splash of poison misses Natasha.
Natasha wildly gestures.
Natasha's front paws start to glow.
Natasha claws you.
You miss Natasha.
Natasha is lightly wounded.
Natasha casts a spell at you. The magic dart hits you!
* * * LOW HITPOINT WARNING * * *
You hit Natasha.
Natasha is moderately wounded.
Natasha claws you.
You die...
Natasha curls up and begins to purr.

##########
#.........
#########.........
###
##......##.........
##.###........#.@h.#
#..##...........##.#
#..##...........# #
#..##...........#
..(##...........#
.#..#...........#.
....##............
##.............####
...............###


You could see Natasha.

Vanquished Creatures
  An adder (D:4)
  A dart slug (D:1)
  5 ball pythons
  3 endoplasms (D:1)
  A giant cockroach (D:1)
  6 goblins
  4 hobgoblins (D:1)
  4 jackals (D:1)
  A quokka (D:1)
  A bat (D:1)
  2 frilled lizards
  3 kobolds
  A rat (D:1)
33 creatures vanquished.

Notes
Turn   | Place    | Note
-------+----------+-------------------------------------------
     0 | D:5      | Kurtz the Naga Delver began the quest for the Orb.
     0 | D:5      | Reached XP level 1. HP: 21/21 MP: 1/1
    14 | D:4      | Reached XP level 2. HP: 28/28 MP: 2/2
   176 | D:3      | Found a runed translucent gate.
   177 | D:3      | Found a runed translucent gate.
   177 | D:3      | Found an opulent altar of Gozag.
   178 | D:3      | Found a runed translucent gate.
   184 | D:3      | Noticed Grinder
   188 | D:3      | Noticed laschroeter's ghost (amateur MiFi)
   316 | D:3      | Found Puidunu's Magic Scroll Shoppe.
   392 | D:1      | Found Cautrell's Vocational Training.
   505 | D:1      | Reached XP level 3. HP: 34/34 MP: 3/3
  1426 | D:2      | Noticed Natasha
  1439 | D:2      | Slain by Natasha

Illustrated notes

Levels and vault maps discovered:
D:1:      roderic_crossed_star, layout_basic, nicolae_shop_vocational
D:2:      layout_rooms, basic_altar, uniq_crazy_yiuf_cottage, uniq_natasha
D:3:      layout_rooms, serial_shops, shop, ebering_ghost_gozag, uniq_grinder
D:4:      layout_gridville, vehumet_crystals,
          minmay_temple_entry_statues_pillars, uniq_menkaure
D:5:      wad_woods_tower, layout_cave_pods, lemuel_round_altar,
          cheibriados_altar_1

Skill      XL: |  1  2  3 |
---------------+----------+-----
Axes           | 3 |  3.4
Fighting       | |  3.6
Dodging        | |  1.5
Stealth        | |  7.2

Action                     || total
---------------------------++-------
  Melee: Hand axe          ||   132
Ability: Spit Poison       ||     3
   Stab: Sleeping          ||     7
 Armour: Leather armour    ||     2
         Ring mail         ||   104
         Chain mail        ||     2
  Dodge: Dodged            ||    54

Table legend: (Time is in decaauts)
 A = Elapsed time spent in this place.
 B = Non-inter-level travel time spent in this place.
 C = Inter-level travel time spent in this place.
 D = Time resting spent in this place.
 E = Time spent auto-exploring this place.
 F = Levels seen in this place.
 G = Mean time per level.
                   A        B        C        D        E       F      G
               +--------+--------+--------+--------+--------+-----+--------+
         Total |   1873 |   1829 |     44 |     20 |   1217 |   5 |  374.6 |
       Dungeon |   1873 |   1829 |     44 |     20 |   1217 |   5 |  374.6 |
               +--------+--------+--------+--------+--------+-----+--------+

Top non-repeatable levels by time:
     D:1: 1240 daAuts
     D:3: 298 daAuts
     D:2: 200 daAuts
     D:4: 120 daAuts
     D:5: 13 daAuts
